 Dungeon Crawl Stone Soup version 0.26-a0-597-gb535b0901c (webtiles) character file.

Game seed: 10285755433216282287

200 hickop the Caller (level 5, 0/28 HPs)
             Began as a Tengu Summoner on Sept 15, 2020.
             Was a Follower of Fedhas.
             Killed by nerve-wracking pain
             ... invoked by Menkaure
              (4 damage)
             ... on level 4 of the Dungeon.
             The game lasted 00:21:06 (5296 turns).

hickop the Caller (Tengu Summoner)                  Turns: 5296, Time: 00:21:06

Health: 0/28       AC:  3    Str:  8    XL:     5   Next: 78%
Magic:  3/10       EV: 14    Int: 17    God:    Fedhas [*.....]
Gold:   207        SH:  0    Dex: 14    Spells: 4/10 levels left

rFire    . . .     SeeInvis .   t - +2 quarterstaff (chaos)
rCold    . . .     Faith    .   (shield currently unavailable)
rNeg     . . .     Spirit   .   a - +0 robe
rPois    .         Reflect  .   (helmet restricted)
rElec    .         Harm     .   u - +0 cloak
rCorr    .                      (no gloves)
MR       .....                  (boots unavailable)
Stlth    ++........             (no amulet)
HPRegen  0.09/turn              (no ring)
MPRegen  0.12/turn              (no ring)

@: no status effects
A: beak, talons 3, able to fly
a: Fly, Renounce Religion


You were on level 4 of the Dungeon.
You worshipped Fedhas.
Fedhas was aware of your devotion.
You visited 1 branch of the dungeon, and saw 4 of its levels.

You collected 207 gold pieces.

Inventory:

Hand Weapons
 p - a +0 hunting sling
 t - a +2 quarterstaff of chaos (weapon)
 v - a cursed -2 mace
Missiles
 g - 184 stones
 h - 5 boomerangs (quivered)
 k - 30 poisoned darts
 r - 20 sling bullets
Armour
 a - a +0 robe (worn)
 u - a +0 cloak (worn)
Jewellery
 i - a cursed ring of teleportation {unknown}
 j - an uncursed ring of protection from magic {unknown}
Scrolls
 b - 2 scrolls of enchant armour
 c - 2 scrolls of enchant weapon
 d - a scroll of remove curse
 f - a scroll of blinking {unknown}
 m - a scroll of random uselessness {unknown}
 o - 2 scrolls of magic mapping
 s - 2 scrolls of teleportation {unknown}
Potions
 e - a potion of berserk rage
 l - a potion of resistance {unknown}
 n - 2 potions of might
 q - a potion of brilliance {unknown}


   Skills:
 + Level 3.6 Dodging
 + Level 3.5 Stealth
 + Level 3.1 Spellcasting
 + Level 5.8 Summonings


You had 4 spell levels left.
You knew the following spells:

 Your Spells              Type           Power        Failure   Level
a - Summon Small Mammal   Summ           ###.         1%          1
b - Call Imp              Summ           ###.....     2%          2
c - Call Canine Familiar  Summ           ###.....     4%          3

Your spell library contained the following spells:

 Spells                   Type           Power        Failure   Level
 Summon Guardian Golem    Hex/Summ       ##......     16%         3
 Summon Ice Beast         Ice/Summ       ##......     45%         4
 Summon Lightning Spire   Summ/Air       ##......     45%         4


Dungeon Overview and Level Annotations

Branches:
Dungeon (4/15)             Temple (0/1) D:4

Altars:
Dithmenos
Fedhas
Qazlal
Zin

Annotations:
D:4 Menkaure


Innate Abilities, Weirdness & Mutations

You have a beak for a mouth.
You have claws for feet.
You can fly continuously.


Message History

* * * LOW HITPOINT WARNING * * *
Menkaure points at you and mumbles some strange words.
You barely resist.
Menkaure calls on the powers of darkness!
Your body is wracked with pain!
* * * LOW HITPOINT WARNING * * *
Casting: Call Imp (safe; 2% risk of failure)
Confirm with . or Enter, or press ? or * to list all spells.
You don't have enough magic to cast that spell.
Casting: Call Imp (safe; 2% risk of failure)
Confirm with . or Enter, or press ? or * to list all spells.
You don't have enough magic to cast that spell.
Menkaure calls on the powers of darkness!
Your body is wracked with pain!
* * * LOW HITPOINT WARNING * * *
Menkaure is no longer moving quickly.
Menkaure gestures at you while chanting.
Pain shoots through your body!
You die...
Fedhas appreciates your contribution to the ecosystem.

#..............#
##...............
#....[...........
#................
#...............#
##..............##
#...............#
#..>...........# #
##@............# #
###..............
## ##..#.........
##.
##..###........
#.. ###M.##
###...... #.##..
##..### #....
##.#... ###
###..## ###.
#......
##.###...##
##.#.#..
#...#...## ....##.


You could see Menkaure.

Vanquished Creatures
  Terence (D:2)
  A dart slug (D:2)
  A leopard gecko (D:1)
  2 bats (D:3)
  A giant cockroach (D:2)
  3 goblins
  5 hobgoblins
  3 kobolds (D:1)
  A ball python skeleton (D:4)
  5 rats
23 creatures vanquished.

Vanquished Creatures (collateral kills)
  Crazy Yiuf (D:3)
  An iguana (D:4)
  A worker ant (D:4)
  3 orc wizards (D:3)
  Robin (D:3)
  2 adders (D:2)
  2 oozes (D:3)
  3 worms
  A dart slug (D:3)
  7 orcs
  9 bats
  7 giant cockroaches
  12 goblins
  8 hobgoblins
  3 quokkas
  2 ball pythons (D:3)
  2 frilled lizards
  11 kobolds
  7 rats
83 creatures vanquished.

Vanquished Creatures (others)
  3 fungi (D:3)
3 creatures vanquished.

Grand Total: 109 creatures vanquished

Notes
Turn   | Place    | Note
-------+----------+-------------------------------------------
     0 | D:1      | hickop the Tengu Summoner began the quest for the Orb.
     0 | D:1      | Reached XP level 1. HP: 10/10 MP: 4/4
   328 | D:1      | Reached XP level 2. HP: 13/15 MP: 0/6
   338 | D:1      | Reached skill level 5 in Summonings
  1464 | D:2      | Reached XP level 3. HP: 19/19 MP: 4/7
  1468 | D:2      | Learned a level 2 spell: Call Imp
  1472 | D:2      | Learned a level 3 spell: Call Canine Familiar
  2233 | D:2      | Found a blossoming altar of Fedhas.
  2240 | D:2      | Became a worshipper of Fedhas Madash
  2367 | D:2      | Found a stormy altar of Qazlal.
  2545 | D:3      | Noticed Terence
  2560 | D:2      | Killed Terence
  2560 | D:2      | Reached XP level 4. HP: 24/24 MP: 1/8
  3425 | D:3      | Reached * piety under Fedhas
  3428 | D:3      | Found a shadowy altar of Dithmenos.
  3498 | D:3      | Gained mutation: You can fly continuously. [Tengu growth]
  3498 | D:3      | Reached XP level 5. HP: 28/28 MP: 1/10
  3892 | D:3      | Noticed Robin
  4116 | D:3      | Killed Robin
  4319 | D:3      | Found a runed translucent door.
  4320 | D:3      | Noticed Crazy Yiuf
  4333 | D:3      | Killed Crazy Yiuf
  4666 | D:4      | Found a staircase to the Ecumenical Temple.
  4739 | D:4      | Found a glowing silver altar of Zin.
  5251 | D:4      | Noticed Menkaure
  5296 | D:4      | Killed from afar by Menkaure

Illustrated notes

Levels and vault maps discovered:
D:1:      lemuel_arrival_hallway, layout_loops_ring, lemuel_flame_loot_1
D:2:      layout_basic, fedhas_altar_fruit_tree, nicolae_overflow_crystal_walls
D:3:      layout_rooms, nicolae_dithmenos_shadow_blocks, uniq_terence,
          uniq_crazy_yiuf_cottage, uniq_robin
D:4:      layout_cave_pods, zin_academy, old_standard_altar,
          minmay_temple_entry_hall, minmay_unequal, uniq_menkaure

Skill      XL: |  1  2  3  4  5 |
---------------+----------------+-----
Summonings     | 5 |  5.8
Dodging        | 3 |  3.6
Stealth        | 3 |  3.5
Spellcasting   | 3 |  3.1

Action                   |  1- 3 |  4- 6 || total
-------------------------+-------+-------++-------
Melee: Unarmed           |    72 |    25 ||    97
       Kick              |    15 |     8 ||    23
       Peck              |    11 |     1 ||    12
       Quarterstaff      |       |     2 ||     2
 Cast: Summon Small Mamm |    48 |       ||    48
       Call Imp          |    23 |    62 ||    85
       Call Canine Famil |     3 |     2 ||     5
  Use: Scroll            |     3 |     4 ||     7
 Stab: Sleeping          |     3 |     4 ||     7
       Distracted        |     1 |       ||     1
Armor: Robe              |    21 |     5 ||    26
Dodge: Dodged            |    73 |    36 ||   109

Table legend: (Time is in decaauts)
 A = Elapsed time spent in this place.
 B = Non-inter-level travel time spent in this place.
 C = Inter-level travel time spent in this place.
 D = Time resting spent in this place.
 E = Time spent auto-exploring this place.
 F = Levels seen in this place.
 G = Mean time per level.
                   A        B        C        D        E       F      G
               +--------+--------+--------+--------+--------+-----+--------+
         Total |   5300 |   5089 |    211 |   1672 |   2377 |   4 | 1325.0 |
       Dungeon |   5300 |   5089 |    211 |   1672 |   2377 |   4 | 1325.0 |
               +--------+--------+--------+--------+--------+-----+--------+

Top non-repeatable levels by time:
     D:3: 1715 daAuts
     D:1: 1573 daAuts
     D:2: 1298 daAuts
     D:4: 713 daAuts
